AAA
ALBUQUERQUE ISOTOPES @ NASHVILLE SOUNDS
04/23/2052
 
TOP OF THE 1ST
Albuquerque Isotopes batting - Pitching for Scranton Dundies : RHP B.J. Langenburg
Pitching: RHP B.J. Langenburg
Batting: LHB Roddy Gomez 0-0: Called Strike
0-1: Ball
1-1: Ball
2-1: Ball
3-1: Called Strike
3-2: Ground out 4-3 (Groundball, 4, EV 80.6 MPH)
Batting: RHB José Rodríguez 0-0: Ball
1-0: Foul Ball, location: 2F
1-1: Ball
2-1: SINGLE (Line Drive, 3D, EV 96.3 MPH)
Batting: RHB Bryce Montgomery 0-0: Foul Ball, location: 5FF
0-1: Swinging Strike
0-2: Foul Ball, location: 2F
0-2: Ball
1-2: Ball
2-2: Strikes out swinging
Batting: SHB Corey Rose 0-0: Fly out, F9 (Flyball, 9, EV 87.5 MPH)
Top of the 1st over - 0 runs, 1 hit, 0 errors, 1 left on base; Albuquerque 0 - Scranton 0
BOTTOM OF THE 1ST
Scranton Dundies batting - Pitching for Albuquerque Isotopes : LHP Gavin Troyer
Pitching: LHP Gavin Troyer
Batting: RHB Wendell Dominique 0-0: Called Strike
0-1: Ball
1-1: Ball
2-1: Fly out, F8 (Flyball, 89XD, EV 106.3 MPH)
Batting: RHB Tommy Holligan 0-0: Ground out 5-3 (Groundball, 56, EV 90.6 MPH)
Batting: RHB Elliot Eaves 0-0: Ball
1-0: Ball
2-0: SINGLE (Groundball, 34D, EV 96.9 MPH)
Batting: SHB Innis Bielefeld 0-0: Foul Ball, location: 3DF
0-1: Foul Ball, location: 9LMF
0-2: Strikes out swinging
Bottom of the 1st over - 0 runs, 1 hit, 0 errors, 1 left on base; Albuquerque 0 - Scranton 0
TOP OF THE 2ND
Albuquerque Isotopes batting - Pitching for Scranton Dundies : RHP B.J. Langenburg
Batting: RHB Deuce Riou 0-0: Ball
1-0: Ball
2-0: Foul Ball, location: 2F
2-1: Foul Ball, location: 2F
2-2: Strikes out swinging
Batting: RHB Alexi Canseco 0-0: Called Strike
0-1: Ball
1-1: Ground out 4-3 (Groundball, 34D, EV 96.3 MPH)
Batting: RHB Jake Johnson 0-0: Fly out, F9 (Line Drive, 89M, EV 105.0 MPH)
Top of the 2nd over - 0 runs, 0 hits, 0 errors, 0 left on base; Albuquerque 0 - Scranton 0
BOTTOM OF THE 2ND
Scranton Dundies batting - Pitching for Albuquerque Isotopes : LHP Gavin Troyer
Batting: LHB Hobert Erlich 0-0: Ground out 5-3 (Groundball, 56S, EV 82.5 MPH)
Batting: RHB Pablo García 0-0: SINGLE (Line Drive, 34D, EV 96.9 MPH)
Batting: LHB Daron Brandon 0-0: Called Strike
Pablo García steals 2nd base
0-1: Fly out, F8 (Flyball, 8RD, EV 96.3 MPH)
Batting: RHB Clapper Rosenberg 0-0: Fly out, F9 (Flyball, 9D, EV 96.9 MPH)
Bottom of the 2nd over - 0 runs, 1 hit, 0 errors, 1 left on base; Albuquerque 0 - Scranton 0
TOP OF THE 3RD
Albuquerque Isotopes batting - Pitching for Scranton Dundies : RHP B.J. Langenburg
Batting: RHB Jerry Van 0-0: Fly out, F8 (Line Drive, 8RD, EV 89.4 MPH)
Batting: RHB John Holmes 0-0: Called Strike
0-1: Foul Ball, location: 9LDF
0-2: Ground out 6-3 (Groundball, 6, EV 85.6 MPH)
Batting: LHB Roddy Gomez 0-0: Ball
1-0: Ball
2-0: SINGLE (Line Drive, 4M, EV 110.0 MPH)
Batting: RHB José Rodríguez 0-0: Ball
Wild Pitch!
Roddy Gomez to second
1-0: Foul Ball, location: 2F
1-1: 2-RUN HOME RUN (Flyball, 7LD, EV 92.5 MPH), Distance : 345 ft
Batting: RHB Bryce Montgomery 0-0: Called Strike
0-1: Swinging Strike
0-2: Ball
1-2: Ball
2-2: Foul Ball, location: 2F
2-2: Strikes out swinging
Top of the 3rd over - 2 runs, 2 hits, 0 errors, 0 left on base; Albuquerque 2 - Scranton 0
BOTTOM OF THE 3RD
Scranton Dundies batting - Pitching for Albuquerque Isotopes : LHP Gavin Troyer
Batting: RHB C.J. Thompson 0-0: Ball
1-0: Ball
2-0: Ball
3-0: Called Strike
3-1: DOUBLE (Flyball, 9D, EV 86.9 MPH)
Batting: RHB Wendell Dominique 0-0: Ball
1-0: Called Strike
1-1: Foul Ball, location: 3FF
1-2: Fly out, F8 (Flyball, 8LM, EV 77.5 MPH)
Batting: RHB Tommy Holligan 0-0: Hit by Pitch
Batting: RHB Elliot Eaves 0-0: Foul Ball, location: 9LSF
0-1: Swinging Strike
0-2: Ball
1-2: Ball
2-2: Ball
3-2: Strikes out swinging
Batting: SHB Innis Bielefeld 0-0: Called Strike
0-1: Ball
1-1: Foul Ball, location: 2F
1-2: Foul Ball, location: 2F
1-2: Ball
2-2: Ball
3-2: Base on Balls
C.J. Thompson to third
Tommy Holligan to second
Batting: LHB Hobert Erlich 0-0: Ball
1-0: Ball
2-0: Fly out, F8 (Flyball, 8RM, EV 78.8 MPH)
Bottom of the 3rd over - 0 runs, 1 hit, 0 errors, 3 left on base; Albuquerque 2 - Scranton 0
TOP OF THE 4TH
Albuquerque Isotopes batting - Pitching for Scranton Dundies : RHP B.J. Langenburg
Batting: SHB Corey Rose 0-0: Called Strike
0-1: Swinging Strike
0-2: SOLO HOME RUN (Flyball, 7D, EV 98.1 MPH), Distance : 379 ft
Batting: RHB Deuce Riou 0-0: Foul Ball, location: 3F
0-1: Called Strike
0-2: Ball
1-2: Strikes out swinging
Batting: RHB Alexi Canseco 0-0: Ball
1-0: Ball
2-0: Foul Ball, location: 5DF
2-1: Ball
3-1: Foul Ball, location: 3F
3-2: Base on Balls
Batting: RHB Jake Johnson 0-0: Ball
1-0: Called Strike
1-1: Grounds into double play, 4-6-3 (Groundball, 34, EV 97.5 MPH)
Top of the 4th over - 1 run, 1 hit, 0 errors, 0 left on base; Albuquerque 3 - Scranton 0
BOTTOM OF THE 4TH
Scranton Dundies batting - Pitching for Albuquerque Isotopes : LHP Gavin Troyer
Batting: RHB Pablo García 0-0: Ball
1-0: Called Strike
1-1: Ball
2-1: Swinging Strike
2-2: Strikes out looking
Batting: LHB Daron Brandon 0-0: SINGLE (Line Drive, 89S, EV 101.9 MPH)
Batting: RHB Clapper Rosenberg 0-0: Swinging Strike
0-1: Ball
1-1: Foul Ball, location: 5F
1-2: Ball
2-2: Fly out, F8 (Flyball, 89S, EV 83.8 MPH)
Batting: RHB C.J. Thompson 0-0: Ball
1-0: Swinging Strike
1-1: Foul Ball, location: 2F
1-2: Foul Ball, location: 7LDF
1-2: Foul Ball, location: 5FF
1-2: SINGLE (Groundball, 34D, EV 97.5 MPH)
Daron Brandon to second
Runner from 2nd tries for 3rd, SAFE, throw by RF made to third
Batting: RHB Wendell Dominique 0-0: Ball
1-0: Ball
2-0: Fielders Choice at 2nd, U4 (Groundball, 4M, EV 106.3 MPH)
Bottom of the 4th over - 0 runs, 2 hits, 0 errors, 2 left on base; Albuquerque 3 - Scranton 0
TOP OF THE 5TH
Albuquerque Isotopes batting - Pitching for Scranton Dundies : RHP B.J. Langenburg
Batting: RHB Jerry Van 0-0: Ball
1-0: Ball
2-0: Ball
3-0: Called Strike
3-1: Foul Ball, location: 7LDF
3-2: Strikes out swinging
Batting: RHB John Holmes 0-0: Fly out, F9 (Flyball, 9, EV 94.4 MPH)
Batting: LHB Roddy Gomez 0-0: Swinging Strike
0-1: Swinging Strike
0-2: Ball
1-2: Foul Ball, location: 7LSF
1-2: Ball
2-2: Foul Ball, location: 3FF
2-2: Fly out, F7 (Line Drive, 7S, EV 84.4 MPH)
Top of the 5th over - 0 runs, 0 hits, 0 errors, 0 left on base; Albuquerque 3 - Scranton 0
BOTTOM OF THE 5TH
Scranton Dundies batting - Pitching for Albuquerque Isotopes : LHP Gavin Troyer
Batting: RHB Tommy Holligan 0-0: Ball
1-0: Fly out, F8 (Flyball, 8RM, EV 80.0 MPH)
Batting: RHB Elliot Eaves 0-0: Ball
1-0: Swinging Strike
1-1: Swinging Strike
1-2: Foul Ball, location: 9LSF
1-2: Foul Ball, location: 2F
1-2: Ball
2-2: Strikes out swinging, 2-3 out at first.
Batting: SHB Innis Bielefeld 0-0: Foul Ball, location: 2F
0-1: Ground out 6-3 (Groundball, 6MD, EV 84.4 MPH)
Bottom of the 5th over - 0 runs, 0 hits, 0 errors, 0 left on base; Albuquerque 3 - Scranton 0
TOP OF THE 6TH
Albuquerque Isotopes batting - Pitching for Scranton Dundies : RHP B.J. Langenburg
Batting: RHB José Rodríguez 0-0: Ball
1-0: Foul Ball, location: 25F
1-1: Ball
2-1: Ground out 3-1 (Groundball, 34, EV 81.3 MPH)
Batting: RHB Bryce Montgomery 0-0: Swinging Strike
0-1: Ball
1-1: Foul Ball, location: 2F
1-2: Ground out 5-3 (Groundball, 56, EV 82.5 MPH)
Batting: SHB Corey Rose 0-0: Ball
1-0: Ball
2-0: Ball
3-0: Foul Ball, location: 5FF
3-1: Base on Balls
Batting: RHB Deuce Riou 0-0: Called Strike
0-1: Ball
1-1: Called Strike
1-2: Foul Ball, location: 2F
1-2: Foul Ball, location: 2F
1-2: Foul Ball, location: 2F
1-2: Ball
2-2: Foul Ball, location: 3SF
2-2: Ball
3-2: Foul Ball, location: 25F
3-2: Ground out 4-3 (Groundball, 34S, EV 92.5 MPH)
Top of the 6th over - 0 runs, 0 hits, 0 errors, 1 left on base; Albuquerque 3 - Scranton 0
BOTTOM OF THE 6TH
Scranton Dundies batting - Pitching for Albuquerque Isotopes : LHP Gavin Troyer
Batting: LHB Hobert Erlich 0-0: Called Strike
0-1: Fly out, F8 (Flyball, 78D, EV 91.9 MPH)
Batting: RHB Pablo García 0-0: Ball
1-0: Called Strike
1-1: Fly out, F8 (Flyball, 8RM, EV 93.8 MPH)
Batting: LHB Daron Brandon 0-0: Ball
1-0: Foul Ball, location: 2F
1-1: Swinging Strike
1-2: Ball
2-2: Strikes out swinging
Bottom of the 6th over - 0 runs, 0 hits, 0 errors, 0 left on base; Albuquerque 3 - Scranton 0
TOP OF THE 7TH
Albuquerque Isotopes batting - Pitching for Scranton Dundies : RHP B.J. Langenburg
Batting: RHB Alexi Canseco 0-0: Called Strike
0-1: Ball
1-1: Ball
2-1: Ball
3-1: Ground out 4-3 (Groundball, 4S, EV 73.8 MPH)
Batting: RHB Jake Johnson 0-0: Ball
1-0: Called Strike
1-1: Foul Ball, location: 2F
1-2: Strikes out swinging
Batting: RHB Jerry Van 0-0: SINGLE (Line Drive, 6D, EV 105.6 MPH)
Pitching: RHP Alcander Eaton
Batting: RHB John Holmes 0-0: Called Strike
0-1: Fly out, F7 (Flyball, 7D, EV 103.8 MPH)
Top of the 7th over - 0 runs, 1 hit, 0 errors, 1 left on base; Albuquerque 3 - Scranton 0
BOTTOM OF THE 7TH
Scranton Dundies batting - Pitching for Albuquerque Isotopes : LHP Gavin Troyer
Batting: RHB Clapper Rosenberg 0-0: Ball
1-0: Ball
2-0: DOUBLE (Line Drive, 7LD, EV 101.9 MPH)
Batting: RHB C.J. Thompson 0-0: Ball
1-0: Ball
2-0: Ground out 6-3 (Groundball, 6S, EV 93.1 MPH)
Clapper Rosenberg to third
Batting: RHB Wendell Dominique 0-0: Ball
1-0: Ball
2-0: Swinging Strike
2-1: Ball
3-1: Base on Balls
Batting: RHB Tommy Holligan 0-0: Called Strike
0-1: Ball
1-1: Ball
2-1: Foul Ball, location: 9LMF
2-2: Fielders Choice at 2nd, 2-6 (Groundball, 13S, EV 71.3 MPH)
Batting: RHB Elliot Eaves 0-0: Called Strike
0-1: Ball
1-1: Swinging Strike
1-2: Strikes out looking
Bottom of the 7th over - 0 runs, 1 hit, 0 errors, 2 left on base; Albuquerque 3 - Scranton 0
TOP OF THE 8TH
Albuquerque Isotopes batting - Pitching for Scranton Dundies : RHP Alcander Eaton
Batting: LHB Roddy Gomez 0-0: SINGLE (Line Drive, 7S, EV 110.0 MPH)
Batting: RHB José Rodríguez 0-0: Ball
1-0: Ground out U3 (Groundball, 34, EV 87.5 MPH)
Roddy Gomez to second
Batting: RHB Bryce Montgomery 0-0: Called Strike
0-1: Ball
1-1: Ball
2-1: Ball
3-1: DOUBLE (Line Drive, 9LS, EV 99.4 MPH)
Roddy Gomez scores
Batting: SHB Corey Rose 0-0: Foul Ball, location: 2F
0-1: Ball
1-1: Ball
2-1: Foul Ball, location: 7LMFF
2-2: Ball
3-2: Base on Balls
Batting: RHB Deuce Riou 0-0: Called Strike
0-1: Swinging Strike
0-2: Fly out, F9 (Line Drive, 9, EV 103.1 MPH)
Batting: RHB Alexi Canseco 0-0: Called Strike
0-1: SINGLE (Line Drive, 4D, EV 94.4 MPH)
Bryce Montgomery to third
Corey Rose to second
Runner from 3rd tries for Home, SAFE, throw by CF to home
Batting: RHB Jake Johnson 0-0: Called Strike
0-1: Ball
1-1: Ball
2-1: Fly out, F9 (Flyball, 9, EV 88.1 MPH)
Top of the 8th over - 2 runs, 3 hits, 0 errors, 2 left on base; Albuquerque 5 - Scranton 0
BOTTOM OF THE 8TH
Scranton Dundies batting - Pitching for Albuquerque Isotopes : LHP Gavin Troyer
Pitching: LHP Charles Seburn
Batting: SHB Innis Bielefeld 0-0: Ball
1-0: SINGLE (Line Drive, 9S, EV 98.1 MPH)
Pinch Hitting: RHB Danys Murillo 0-0: Ball
1-0: Called Strike
1-1: Ball
2-1: Swinging Strike
2-2: Ball
3-2: Base on Balls
Innis Bielefeld to second
Batting: RHB Pablo García 0-0: Ball
1-0: Ball
2-0: Ball
3-0: Called Strike
3-1: Base on Balls
Innis Bielefeld to third
Danys Murillo to second
Batting: LHB Daron Brandon 0-0: Ball
1-0: Ball
2-0: Ball
3-0: Called Strike
3-1: Swinging Strike
3-2: Base on Balls
Innis Bielefeld scores
Danys Murillo to third
Pablo García to second
Batting: RHB Clapper Rosenberg 0-0: Called Strike
0-1: Called Strike
0-2: Ball
1-2: Strikes out looking
Batting: RHB C.J. Thompson 0-0: Ball
1-0: Called Strike
1-1: Ball
2-1: Swinging Strike
2-2: SINGLE (Groundball, 34D, EV 95.6 MPH)
Danys Murillo scores
Pablo García to third
Daron Brandon to second
Runner from 3rd tries for Home, SAFE, throw by RF to home
Pitching: RHP Montana Caulder
Now at 1B: Don Bower
Now in LF: Dustin O'Connor
Batting: RHB Wendell Dominique 0-0: Ball
1-0: Ball
2-0: Ball
3-0: Base on Balls
Daron Brandon to third
C.J. Thompson to second
Batting: RHB Tommy Holligan 0-0: Called Strike
0-1: Called Strike
0-2: Ball
1-2: Ball
2-2: Ball
3-2: Foul Ball, location: 5FF
3-2: Foul Ball, location: 7LDF
3-2: Foul Ball, location: 3FF
3-2: Base on Balls
Daron Brandon scores
C.J. Thompson to third
Wendell Dominique to second
Batting: LHB Jacques Fleig 0-0: Swinging Strike
0-1: Foul Ball, location: 5F
0-2: Foul Ball, location: 23F
0-2: Foul Ball, location: 3F
0-2: Ball
1-2: Foul Ball, location: 2F
1-2: Ball
2-2: Strikes out swinging
Batting: SHB Innis Bielefeld 0-0: Foul Ball, location: 2F
0-1: Ball
1-1: Hit by Pitch
C.J. Thompson scores
Wendell Dominique to third
Tommy Holligan to second
Batting: RHB Danys Murillo 0-0: Ball
1-0: Foul Ball, location: 7LMF
1-1: Fly out, F7 (Line Drive, 78M, EV 89.4 MPH)
Bottom of the 8th over - 5 runs, 2 hits, 0 errors, 3 left on base; Albuquerque 5 - Scranton 5
TOP OF THE 9TH
Albuquerque Isotopes batting - Pitching for Scranton Dundies : RHP Alcander Eaton
Now at 3B: Danys Murillo
Now at SS: Wendell Dominique
Pinch Hitting: LHB David Hitz 0-0: Called Strike
0-1: Swinging Strike
0-2: Ball
1-2: Ball
2-2: Fly out, F5 (Line Drive, 56, EV 71.3 MPH)
Batting: RHB John Holmes 0-0: Ball
1-0: Fly out, F9 (Flyball, 9, EV 94.4 MPH)
Batting: LHB Roddy Gomez 0-0: Called Strike
0-1: Fly out, F9 (Flyball, 89S, EV 86.3 MPH)
Top of the 9th over - 0 runs, 0 hits, 0 errors, 0 left on base; Albuquerque 5 - Scranton 5
BOTTOM OF THE 9TH
Scranton Dundies batting - Pitching for Albuquerque Isotopes : RHP Montana Caulder
Now at 2B: David Hitz
Now at SS: Roddy Gomez
Batting: RHB Pablo García 0-0: Swinging Strike
0-1: Ball
1-1: Called Strike
1-2: Strikes out looking
Batting: LHB Daron Brandon 0-0: Called Strike
0-1: Called Strike
0-2: Ball
1-2: Strikes out swinging
Pinch Hitting: LHB Agostino Salas 0-0: Fly out, F8 (Flyball, 89M, EV 90.6 MPH)
Bottom of the 9th over - 0 runs, 0 hits, 0 errors, 0 left on base; Albuquerque 5 - Scranton 5
TOP OF THE 10TH
Albuquerque Isotopes batting - Pitching for Scranton Dundies : RHP Alcander Eaton
Pitching: RHP Rémy Poirier
Now in RF: Cristofer Santana
Batting: RHB José Rodríguez 0-0: Swinging Strike
0-1: Ball
1-1: Foul Ball, location: 25FF
1-2: Strikes out swinging
Batting: LHB Dustin O'Connor 0-0: Foul Ball, location: 2F
0-1: Ball
1-1: Ground out 3-1 (Groundball, 34, EV 85.0 MPH)
Batting: SHB Corey Rose 0-0: Called Strike
0-1: Ball
1-1: Foul Ball, location: 3SF
1-2: Foul Ball, location: 7LSF
1-2: Foul Ball, location: 23FF
1-2: DOUBLE (Line Drive, 7LM, EV 108.8 MPH)
Batting: RHB Deuce Riou 0-0: Intentional Walk
Batting: LHB Don Bower 0-0: Ball
1-0: Ball
2-0: Ball
3-0: Base on Balls
Corey Rose to third
Deuce Riou to second
Batting: RHB Jake Johnson 0-0: Called Strike
0-1: Reached on error, E5 (Groundball, 56, EV 88.1 MPH)
Corey Rose scores
Deuce Riou to third
Don Bower to second
Batting: LHB David Hitz 0-0: Swinging Strike
0-1: Swinging Strike
0-2: Ball
1-2: Ball
2-2: Ground out 4-3 (Groundball, 4, EV 102.5 MPH)
Top of the 10th over - 1 run, 1 hit, 1 error, 3 left on base; Albuquerque 6 - Scranton 5
BOTTOM OF THE 10TH
Scranton Dundies batting - Pitching for Albuquerque Isotopes : RHP Montana Caulder
Now in RF: Troy McCarthy
Batting: RHB C.J. Thompson 0-0: Ball
1-0: Foul Ball, location: 5F
1-1: Fly out, F9 (Flyball, 9D, EV 80.6 MPH)
Batting: RHB Wendell Dominique 0-0: Ball
1-0: Ball
2-0: Ball
3-0: Base on Balls
Batting: RHB Tommy Holligan 0-0: Ball
1-0: Ball
2-0: Fielders Choice at 2nd, 4-6 (Groundball, 34, EV 88.1 MPH)
Batting: LHB Jacques Fleig 0-0: Called Strike
0-1: Ball
1-1: Ball
2-1: Ball
3-1: Foul Ball, location: 3F
3-2: Foul Ball, location: 2F
3-2: Strikes out looking
Bottom of the 10th over - 0 runs, 0 hits, 0 errors, 1 left on base; Albuquerque 6 - Scranton 5
Thursday, April 18th , 2024 - OOTP Baseball 24.11 Build 85